 Dungeon Crawl Stone Soup version 0.28.0-53-g5a82cb258f (webtiles) character file.

Game seed: 12738656534571027663

898 bnorton916 the Magician (level 7, -4/36 HPs)
             Began as a Deep Elf Fire Elementalist on June 9, 2022.
             Was an Initiate of Gozag.
             Slain by a phantom (9 damage)
             ... on level 5 of the Dungeon.
             The game lasted 00:05:47 (7312 turns).

bnorton916 the Magician (DEFE)                      Turns: 7312, Time: 00:05:48

Health: -4/36      AC:  3    Str:  5    XL:     7   Next: 79%
Magic:  10/19      EV: 12    Int: 22    God:    Gozag
Gold:   294        SH:  0    Dex: 15    Spells: 14/20 levels left

rFire   . . .      SeeInvis .   i - +2 scythe (flame)
rCold   . . .      Faith    .   (shield currently unavailable)
rNeg    . . .      Spirit   .   a - +0 robe
rPois   .          Reflect  .   (no helmet)
rElec   .          Harm     .   k - +0 cloak
rCorr   .          Rampage  .   (no gloves)
Will    .....                   (no boots)
Stlth   ++........              (no amulet)
HPRegen 0.12/turn               (no ring)
MPRegen 0.16/turn               (no ring)

@: no status effects
A: no striking features
a: Renounce Religion, Potion Petition, Call Merchant, Bribe Branch


You were on level 5 of the Dungeon.
You worshipped Gozag.
Gozag was aware of your devotion.
You visited 2 branches of the dungeon, and saw 6 of its levels.

You collected 334 gold pieces.
You paid 40 gold pieces to Gozag.

Inventory:

Hand Weapons
 i - a +2 scythe of flaming (weapon)
Missiles
 b - 135 stones
 m - 6 poisoned darts
 t - 4 javelins
Armour
 a - a +0 robe (worn)
 k - a +0 cloak (worn)
Jewellery
 q - a ring of protection from cold
Wands
 h - a wand of polymorph (2)
 n - a wand of acid (6)
 s - a wand of mindburst (14)
Scrolls
 d - a scroll of blinking {unknown}
 r - a scroll of teleportation
Potions
 c - 3 potions of heal wounds {unknown}
 f - 4 potions of cancellation {unknown}
 g - a potion of might {unknown}
 j - a potion of lignification
 l - a potion of curing {unknown}
 u - a potion of flight {unknown}


   Skills:
 - Level 2.4 Dodging
 - Level 2.4 Stealth
 + Level 7.3 Spellcasting
 + Level 5.6 Conjurations
 + Level 6.5 Fire Magic


You had 14 spell levels left.
You knew the following spells:

 Your Spells              Type           Power      Damage    Failure   Level
a - Foxfire               Conj/Fire      100%       2x1d9     1%          1
b - Scorch                Fire           72%        2d9       1%          2
c - Conjure Flame         Conj/Fire      34%        6-21      1%          3

Your spell library contained the following spells:

 Spells                   Type           Power      Damage    Failure   Level
 Magic Dart               Conj           100%       1d8       1%          1
 Inner Flame              Hex/Fire       22%        N/A       6%          3
 Flame Wave               Conj/Fire      34%        2d8       7%          4
 Mephitic Cloud           Conj/Pois/Air  16%        N/A       11%         3
 Call Imp                 Summ           8%         N/A       12%         2


Dungeon Overview and Level Annotations

Branches:
Dungeon (5/15)             Temple (1/1) D:4

Altars:
Ashenzari
Cheibriados
Elyvilon
Fedhas
Gozag
Hepliaklqana
Makhleb
Nemelex Xobeh
Ru
Trog
Vehumet
Wu Jian
Yredelemnul

Shops:
D:3 =   D:5 (

Annotations:
D:5 Eustachio


Message History

Eustachio is moderately wounded.
The phantom hits you.
Unknown command.
Casting: Foxfire (safe; 1% risk of failure)
Confirm with . or Enter, or press ? or * to list all spells.
Flames lash Eustachio.
Eustachio is moderately wounded.
Eustachio's fire resistance burns away.
The phantom barely misses you.
Eustachio gestures wildly while chanting.
Eustachio blinks!
The phantom barely misses you.
Casting: Scorch (safe; 1% risk of failure)
Confirm with . or Enter, or press ? or * to list all spells.
You conjure some foxfire!
The phantom hits you.
The phantom blinks!
You blink.
The foxfire hits the phantom.
The phantom is severely damaged.
The foxfire hits the phantom!
The phantom is almost destroyed.
Eustachio hits you but does no damage. The phantom closely misses you.
Unknown command.
Casting: Foxfire (safe; 1% risk of failure)
Confirm with . or Enter, or press ? or * to list all spells.
Flames lash Eustachio.
Eustachio is burned terribly!
Eustachio is heavily wounded.
Eustachio hits you with a +0 rapier. The phantom hits you.
Eustachio hits you with a +0 rapier. The phantom misses you.
Unknown command.
Casting: Scorch (safe; 1% risk of failure)
Confirm with . or Enter, or press ? or * to list all spells.
You conjure some foxfire!
Eustachio closely misses you.
The phantom hits you but does no damage.
The foxfire hits the phantom.
The phantom is almost destroyed.
The foxfire hits Eustachio!
Eustachio is burned terribly!
Eustachio is severely wounded.
Eustachio hits you with a +0 rapier!
* * * LOW HITPOINT WARNING * * *
The phantom hits you!
You die...
Your body crumbles into a pile of gold.

##+## . ##...## #
. ##....>## #.#.
##.......## ....#
#.........#
......+.........+
......#.......W.#
............@@.##
###.###.#.....##
#. #.##...##
#.###.###+##
#..##.# #.#
#.####.##.# #.#
#.........###.##
######.#####...##
#.# #...#.##


You could see Eustachio (combustible) and a phantom.

Vanquished Creatures
  Sigmund (D:2)
  Pargi (D:4)
  An ice beast (D:3)
  2 phantoms
  A hound (D:5)
  Crazy Yiuf (D:2)
  A gnoll shaman (D:4)
  Terence (D:3)
  An orc wizard (D:3)
  10 gnolls
  4 adders
  A white imp (D:5)
  An ufetubus (D:5)
  8 worms
  9 orcs
  6 ball pythons
  7 bats
  10 endoplasms
  A giant cockroach (D:1)
  3 goblins
  7 hobgoblins
  2 jackals (D:1)
  7 quokkas
  12 frilled lizards
  7 kobolds
  3 rats
108 creatures vanquished.

Vanquished Creatures (collateral kills)
  A foxfire (D:2)
1 creature vanquished.

Vanquished Creatures (others)
  487 foxfires
  2 fungi (D:2)
  5 plants (D:2)
494 creatures vanquished.

Grand Total: 603 creatures vanquished

Notes
Turn   | Place    | Note
-------+----------+-------------------------------------------
     0 | D:1      | bnorton916 the Deep Elf Fire Elementalist began the quest
                  | for the Orb.
     0 | D:1      | Reached XP level 1. HP: 10/10 MP: 6/6
   184 | D:1      | Found a faded altar of an unknown god.
   271 | D:1      | Reached XP level 2. HP: 15/15 MP: 2/8
  1124 | D:1      | Reached XP level 3. HP: 16/19 MP: 8/10
  1761 | D:2      | Noticed Sigmund
  1793 | D:2      | Killed Sigmund
  1794 | D:2      | Reached skill level 5 in Spellcasting
  1794 | D:2      | Reached XP level 4. HP: 6/24 MP: 9/13
  1794 | D:2      | Reached XP level 5. HP: 8/28 MP: 9/14
  2791 | D:2      | Found a runed translucent door.
  2792 | D:2      | Noticed Crazy Yiuf
  2799 | D:2      | Learned a level 2 spell: Scorch
  2803 | D:2      | Learned a level 3 spell: Conjure Flame
  2816 | D:2      | Killed Crazy Yiuf
  2817 | D:2      | Reached skill level 5 in Fire Magic
  3096 | D:3      | Reached XP level 6. HP: 29/32 MP: 12/16
  3276 | D:3      | Noticed an ice beast
  3285 | D:3      | Killed an ice beast
  3613 | D:3      | You fall into a shaft and drop 1 floor!
  3613 | D:4      | Found a white marble altar of Elyvilon.
  3802 | D:3      | Reached skill level 6 in Spellcasting
  3963 | D:3      | Found Bipast's Jewellery Emporium.
  4303 | D:3      | Noticed Terence
  4309 | D:3      | Killed Terence
  4847 | D:4      | Found a staircase to the Ecumenical Temple.
  4847 | D:4      | Noticed Pargi
  4854 | D:4      | Killed Pargi
  4855 | D:4      | Reached XP level 7. HP: 13/36 MP: 12/18
  5142 | Temple   | Entered the Ecumenical Temple
  5259 | Temple   | Became a worshipper of Gozag Ym Sagoz the Greedy
  5599 | D:4      | Reached skill level 5 in Conjurations
  6433 | D:4      | Reached skill level 7 in Spellcasting
  6859 | D:5      | Entered Level 5 of the Dungeon
  6949 | D:5      | Found Koykk's Weapon Boutique.
  6961 | D:5      | HP: 1/36 [phantom (4)]
  7297 | D:5      | Noticed Eustachio
  7312 | D:5      | Slain by a phantom

Illustrated notes

Levels and vault maps discovered:
D:1:      scummos_arrival_gate, layout_rooms, chequers_ecumenical_altar_simple,
          minmay_misc_feat_five, bh_walls_and_bars
D:2:      layout_basic, minmay_lizard_king, uniq_crazy_yiuf_cottage,
          uniq_sigmund
D:3:      layout_basic, serial_shops, shop_statue, uniq_terence
D:4:      layout_loops_ring, mainiacjoe_overflow_cross_hatched,
          minmay_temple_entry_enclosed_plants, nicolae_wormholes, uniq_pargi
D:5:      layout_loops_corners, zin_academy, serial_shops,
          nicolae_shop_temple_entry_statues_fountains,
          ebering_ghost_reflecting_pool, portal_sewer_entry_b, uniq_eustachio
Temple:   bh_familiar_temple

Skill      XL: |  1  2  3  4  5  6  7 |
---------------+----------------------+-----
Conjurations   | 2 3 4 5 |  5.6
Spellcasting   | 5 6 7 |  7.3
Fire Magic     | 4 5 6 |  6.5
Dodging        | |  2.4
Stealth        | |  2.4

Action                   |  1- 3 |  4- 6 |  7- 9 || total
-------------------------+-------+-------+-------++-------
Melee: Scythe            |       |     5 |       ||     5
 Cast: Foxfire           |   116 |   105 |    78 ||   299
       Scorch            |       |    14 |    14 ||    28
       Conjure Flame     |       |     1 |     1 ||     2
  Use: Scroll            |       |       |     5 ||     5
Armor: Robe              |     2 |     5 |     4 ||    11
Dodge: Dodged            |     7 |    26 |    19 ||    52
